 Dungeon Crawl Stone Soup version 0.28.0-53-g5a82cb258f (webtiles) character file.

Game seed: 5330240286539762523

55 Descartes the Sneak (level 3, -1/16 (17) HPs)
             Began as a Felid Delver on July 4, 2022.
             Slain by a goblin
             ... wielding a +0 dagger
             ... led by Robin
              (3 damage)
             ... on level 2 of the Dungeon.
             The game lasted 00:01:56 (828 turns).

Descartes the Sneak (Felid Delver)                   Turns: 828, Time: 00:01:56

HP:   -1/16 (17)    AC:  1    Str: 10    XL:     3   Next: 67%
MP:   4/4           EV: 18    Int: 11    God:
Gold: 28            SH:  0    Dex: 17    Spells: 2/2 levels left
                                        Lives: 0   Deaths: 0

rFire   . . .      SeeInvis +     - Unarmed
rCold   . . .      Faith    .   (shield unavailable)
rNeg    . . .      Spirit   .   (armour unavailable)
rPois   .          Reflect  .   (helmet unavailable)
rElec   .          Harm     .   (cloak unavailable)
rCorr   .          Rampage  .   (gloves unavailable)
Will    .....                   (boots unavailable)
Stlth   ++++......              (no amulet)
HPRegen 0.05/turn               (no ring)
MPRegen 0.09/turn               (no ring)

@: drained, quick
A: very small, claws 1, fangs 3, see invisible, speed 1, shaggy fur 1, stealthy
paws, no weapons or thrown items, no armour, multi-lived
a: no special abilities


You were on level 2 of the Dungeon.
You visited 1 branch of the dungeon, and saw 5 of its levels.

You collected 28 gold pieces.

Inventory:

Jewellery
 f - a ring of wizardry
Wands
 e - a wand of digging (3)
Scrolls
 a - 2 scrolls of fog
 b - a scroll of magic mapping
 c - a scroll of fear
 g - 2 scrolls of enchant armour {unknown}
 h - a scroll of identify {unknown}
Potions
 d - a potion of haste


   Skills:
 - Level 3.0 Fighting
 + Level 3.4 Dodging
 * Level 7.4 Stealth
 + Level 2.5 Unarmed Combat
 + Level 1.9 Translocations


You had 2 spell levels left.
You didn't know any spells.
Your spell library contained the following spells:

 Spells                   Type           Power      Damage    Failure   Level
 Gell's Gravitas          Tloc           4%         N/A       43%         3
 Lesser Beckoning         Tloc           4%         N/A       43%         3
 Teleport Other           Tloc           4%         N/A       43%         3


Dungeon Overview and Level Annotations

Branches:
Dungeon (5/15)
 Temple: D:4-7

Altars:

Shops:
D:1 (

Annotations:
D:2 Robin


Innate Abilities, Weirdness & Mutations

You have sharp claws.
You have razor-sharp teeth.
You have supernaturally acute eyesight. (SInv)
You cover ground quickly. (Speed+)
You are covered in fur. (AC +1)
Your paws help you pounce on unaware monsters.
You are incapable of wielding weapons or throwing items.
You cannot wear armour.
You gain extra lives every three experience levels.


Message History

2 goblins and a hobgoblin come into view. 3 goblins and a hobgoblin come into view.
The goblin shouts!
The hobgoblin shouts!
The goblin shouts! x2
You hear a shout!
Robin of the Strong Arm comes into view.
They are wielding a +0 mace.
The goblin moves out of view.
The hobgoblin moves out of view.
A goblin and a hobgoblin come into view.
The goblin shouts!
The hobgoblin shouts!
The goblin shouts!
The goblin hits you with a +0 club.
Robin shouts!
You scratch the goblin.
You kill the goblin!
Robin roars a battlecry!
The goblins go into a battle-frenzy!
You scratch the goblin.
The goblin is moderately wounded.
The goblin misses you.
You scratch the goblin.
You kill the goblin!
The goblin closely misses you. The hobgoblin barely misses you.
You closely miss the goblin. The goblin hits you with a +0 club.
The hobgoblin hits you.
You are too injured to fight recklessly!
You are too injured to fight recklessly!
You are too injured to fight recklessly!
You are too injured to fight recklessly!
You are too injured to fight recklessly!
You are too injured to fight recklessly!
You are too injured to fight recklessly!
You are too injured to fight recklessly!
You are too injured to fight recklessly!
You are too injured to fight recklessly!
You are too injured to fight recklessly!
You are too injured to fight recklessly!
You are too injured to fight recklessly!
You are too injured to fight recklessly!
Robin throws the goblin at you!
* * * LOW HITPOINT WARNING * * *
The goblin hits you with a +0 dagger.
You die...

## ##### ## ##.#
#... .#
####.g.###.####.#
.....ggg@g......#
.##..gg###.###..#
#....gg #.# #..#
##....# #.###..#
#.##.# #......# .
#. #####.## # #.#
#.########
###........#


You could see Robin, 2 hobgoblins and 5 goblins.

Vanquished Creatures
  Natasha (D:2)
  A worm (D:3)
  3 ball pythons (D:1)
  8 goblins
  3 hobgoblins (D:1)
  3 quokkas (D:1)
  2 bats (D:1)
  A frilled lizard (D:2)
  A rat (D:1)
23 creatures vanquished.

Vanquished Creatures (others)
  A plant (D:1)
1 creature vanquished.

Grand Total: 24 creatures vanquished

Notes
Turn   | Place    | Note
-------+----------+-------------------------------------------
     0 | D:5      | Descartes the Felid Delver began the quest for the Orb.
     0 | D:5      | Reached XP level 1. HP: 10/10 MP: 2/2
    18 | D:5      | Noticed an orc wizard
    59 | D:4      | Noticed an orc wizard
   116 | D:2      | Noticed Natasha
   119 | D:2      | Killed Natasha
   120 | D:2      | Reached skill level 7 in Stealth
   120 | D:2      | Reached skill level 1 in Translocations
   120 | D:2      | Reached XP level 2. HP: 14/14 MP: 3/3
   126 | D:1      | Found Peetae's Antique Weapon Boutique.
   137 | D:1      | Reached XP level 3. HP: 15/17 MP: 4/4
   342 | D:1      | Found a faded altar of an unknown god.
   822 | D:2      | Noticed Robin
   828 | D:2      | Slain by a goblin

Illustrated notes

Levels and vault maps discovered:
D:1:      dpeg_arrival_shelter, layout_rooms,
          shapermc_ecumenical_altar_mp_ritualfount, serial_shops, shop,
          hangedman_abyss_or_decor_lesser_grid, minmay_split_cup_large
D:2:      layout_loops_corners, serial_shops, nicolae_lakefront_shop,
          minmay_pentomino_r4, uniq_robin, uniq_natasha
D:3:      layout_loops_ring, nicolae_overflow_crystal_walls,
          kennysheep_minor_cross
D:4:      nicolae_cairo_tiling_very_big, layout_basic,
          nicolae_qazlal_style_of_elements, nicolae_wu_jian_immortal_techniques,
          temple_green, uniq_pikel, uniq_eustachio, uniq_blork_the_orc,
          uniq_ijyb
D:5:      layout_basic, nicolae_dithmenos_through_a_glass_darkly, uniq_menkaure

Skill      XL: |  1 |
---------------+----+-----
Dodging        | 3 |  3.4
Stealth        | 7 |  7.4
Translocations | 1 |  1.9
Fighting       | |  3.0
Unarmed Combat | |  2.5

Action                   || total
-------------------------++-------
Melee: Unarmed           ||    45
       Bite              ||     3
       Punch             ||     1
 Stab: Sleeping          ||     4
Armor: Skin              ||     1
Dodge: Dodged            ||    39
